 Dungeon Crawl Stone Soup version 0.28.0 (webtiles) character file.

Game seed: 1613375537621196080

112 Sanktem7 the Poker (level 4, 0/41 HPs)
             Began as a Minotaur Berserker on Feb 8, 2022.
             Was a Believer of Trog.
             Slain by an iguana (4 damage)
             ... on level 3 of the Dungeon.
             The game lasted 00:04:47 (2488 turns).

Sanktem7 the Poker (Minotaur Berserker)             Turns: 2488, Time: 00:04:47

Health: 0/41       AC:  6    Str: 24    XL:     4   Next: 63%
Magic:  3/3        EV: 10    Int:  4    God:    Trog [**....]
Gold:   62         SH:  0    Dex:  9    Spells: 3/3 levels left

rFire   . . .      SeeInvis .   a - +0 spear
rCold   . . .      Faith    .   (no shield)
rNeg    . . .      Spirit   .   h - +0 scale mail
rPois   .          Reflect  .   (helmet restricted)
rElec   .          Harm     .   (no cloak)
rCorr   .          Rampage  .   (no gloves)
Will    .....                   (no boots)
Stlth   ..........              (no amulet)
HPRegen 0.13/turn               (no ring)
MPRegen 0.08/turn               (no ring)

@: no status effects
A: horns 2, retaliatory headbutt
a: Renounce Religion, Berserk, Trog's Hand


You were on level 3 of the Dungeon.
You worshipped Trog.
Trog was pleased with you.
You visited 1 branch of the dungeon, and saw 3 of its levels.

You collected 62 gold pieces.

Inventory:

Hand Weapons
 a - a +0 spear (weapon)
Armour
 b - a +0 animal skin
 h - a +0 scale mail (worn)
Scrolls
 d - a scroll of holy word {unknown}
 e - a scroll of noise {unknown}
 f - 2 scrolls of identify {unknown}
 g - 2 scrolls of teleportation {unknown}
 l - a scroll of enchant weapon {unknown}
Potions
 c - a potion of attraction {unknown}
 i - a potion of resistance {unknown}
 j - a potion of might {unknown}
 k - a potion of degeneration {unknown}


   Skills:
 + Level 4.5 Fighting
 + Level 5.1 Polearms
 + Level 2.8 Armour
 + Level 3.2 Dodging
 + Level 0.1 Stealth


You had 3 spell levels left.
You didn't know any spells.
Your spell library was empty.

Dungeon Overview and Level Annotations

Branches:
Dungeon (3/15)

Altars:
Elyvilon
Kikubaaqudgha


Innate Abilities, Weirdness & Mutations

You have a pair of horns on your head.
You reflexively headbutt those who attack you in melee.


Message History

You feel very sick.
You feel very sick. The kobold hits you with a +0 club.
You hit the kobold but do no damage.
You feel sick. The kobold barely misses you.
You miss the kobold. Your headbutt misses the kobold.
You feel sick. The kobold closely misses you.
You hit the kobold.
You kill the kobold!
Trog accepts your kill.
You feel sick.
You hit the iguana.
The iguana is lightly wounded.
You feel sick.
You completely miss the iguana.
The iguana is lightly wounded.
You feel sick. The iguana bites you!
* * * LOW HITPOINT WARNING * * *
You closely miss the iguana.
The iguana is lightly wounded.
You feel sick. The iguana closely misses you.
You completely miss the iguana.
The iguana is lightly wounded.
The iguana closely misses you. You furiously retaliate!
You headbutt the iguana! You hit the iguana but do no damage.
The iguana is severely wounded.
You feel sick. The iguana barely misses you.
You hit the iguana but do no damage.
The iguana is severely wounded.
You feel sick. The iguana barely misses you.
You barely miss the iguana.
The iguana is severely wounded.
You feel sick.
You closely miss the iguana. You headbutt the iguana.
The iguana is almost dead.
You feel sick.
You are no longer poisoned.
The iguana bites you.
You die...

#.# #.# #.# #.# #.#
#########.# #.......>.#
#.############.#########
#..!..l@.......#
################


You could see an iguana.

Vanquished Creatures
  Jessica (D:2)
  2 adders (D:2)
  2 worms (D:2)
  3 dart slugs
  An orc (D:3)
  4 endoplasms (D:1)
  2 giant cockroaches
  7 goblins
  4 hobgoblins
  3 jackals (D:2)
  6 kobolds
  4 ball pythons
  5 bats
  2 frilled lizards (D:1)
  7 rats
53 creatures vanquished.

Notes
Turn   | Place    | Note
-------+----------+-------------------------------------------
     0 | D:1      | Sanktem7 the Minotaur Berserker began the quest for the
                  | Orb.
     0 | D:1      | Reached XP level 1. HP: 19/19 MP: 0/0
   222 | D:1      | Reached skill level 4 in Polearms
   222 | D:1      | Reached XP level 2. HP: 23/27 MP: 1/1
   338 | D:1      | Found a faded altar of an unknown god.
   627 | D:1      | Reached ** piety under Trog
   719 | D:1      | Reached XP level 3. HP: 27/33 MP: 2/2
  1793 | D:2      | Found an ancient bone altar of Kikubaaqudgha.
  1798 | D:2      | Reached XP level 4. HP: 41/41 MP: 3/3
  2071 | D:2      | Noticed Jessica
  2082 | D:2      | Killed Jessica
  2083 | D:2      | Reached skill level 5 in Polearms
  2401 | D:3      | Found a white marble altar of Elyvilon.
  2488 | D:3      | Slain by an iguana

Illustrated notes

Levels and vault maps discovered:
D:1:      psy_arrival_dodecagon, layout_basic,
          shapermc_ecumenical_altar_pompeii, minmay_misc_feat_encased
D:2:      layout_basic, basic_altar, uniq_jessica
D:3:      layout_loops_ring, nicolae_yredelemnul_ghost_church,
          mainiacjoe_overflow_brackets, nemelex_diamond_rough_becter,
          feat_on_display

Skill      XL: |  1  2  3  4 |
---------------+-------------+-----
Polearms       | 4 5 |  5.1
Fighting       | 4 |  4.5
Dodging        | 3 |  3.2
Armour         | |  2.8
Stealth        | |  0.1

Action                   |  1- 3 |  4- 6 || total
-------------------------+-------+-------++-------
Melee: Spear             |    84 |    42 ||   126
       Headbutt          |    11 |     4 ||    15
Armor: Animal skin       |    14 |       ||    14
       Scale mail        |    12 |     5 ||    17
Dodge: Dodged            |    54 |    17 ||    71
